 Dungeon Crawl Stone Soup version 0.25-a0-201-g0bb11aece9 (webtiles) character file.

Game seed: 6988245620343760398, levelgen mode: deterministic

1462 MisterFreud the Ducker (level 8, -2/54 HPs)
             Began as an Octopode Artificer on Dec 2, 2019.
             Was a Follower of Cheibriados.
             Slain by a manticore (19 damage)
             ... on level 6 of the Dungeon.
             The game lasted 00:12:25 (5512 turns).

MisterFreud the Ducker (Octopode Artificer)         Turns: 5512, Time: 00:12:25

Health: -2/54      AC:  1    Str: 14    XL:     8   Next: 77%
Magic:  10/10      EV: 17    Int: 19    God:    Cheibriados [*.....]
Gold:   210        SH:  0    Dex: 15    Spells: 7/7 levels left

rFire    . . .     SeeInvis +   l - +11 halberd of Prescription {vamp, -Tele rElec rPois Stlth+}
rCold    . . .     Gourm    .   (shield currently unavailable)
rNeg     . . .     Faith    .   (helmet restricted)
rPois    +         Spirit   .   (no amulet)
rElec    +         Reflect  .   m - ring of see invisible
rCorr    .         Harm     .   (no ring)
MR       .....     NoTele   +   (no ring)
Stlth    ++++......             (no ring)
HPRegen  0.18/turn              (no ring)
MPRegen  0.12/turn              (no ring)
                                (no ring)
                                (no ring)

@: barbed spikes, very slow
A: almost no armour, stealthy swim, amphibious, 8 rings, constrict 8, camouflage
1, gelatinous body 1
a: Bend Time, Renounce Religion


You were on level 6 of the Dungeon.
You worshipped Cheibriados.
Cheibriados was aware of your devotion.
You were not hungry.

You visited 1 branch of the dungeon, and saw 6 of its levels.

You collected 210 gold pieces.

Inventory:

Hand Weapons
 e - a +2 whip of electrocution
 i - a +0 hunting sling
 l - the +11 halberd of Prescription (weapon) {vamp, -Tele rElec rPois Stlth+}
   (You found it on level 5 of the Dungeon)

   It inflicts no extra harm, but heals its wielder when it wounds a living foe.
   It insulates you from electricity.
   It protects you from poison.
   It prevents most forms of teleportation.
   It makes you more stealthy.
 t - a +2 dagger of electrocution
Missiles
 b - 3 sling bullets
 k - 253 stones (quivered)
 r - 103 arrows
 s - 31 poisoned darts
 u - 48 bolts
Jewellery
 m - a ring of see invisible (left tentacle)
Wands
 c - a wand of enslavement (15)
 d - a wand of random effects (4)
Scrolls
 a - a scroll of remove curse
Potions
 g - a potion of brilliance
 h - a potion of lignification
 j - 2 potions of mutation
 n - a potion of degeneration {unknown}
 o - a potion of haste
 p - a potion of magic {unknown}
 q - 4 potions of curing
Comestibles
 f - 7 rations
 v - 24 chunks of flesh


   Skills:
 - Level 4.6 Fighting
 - Level 1.0 Short Blades
 - Level 3.8 Maces & Flails
 + Level 5.1 Polearms
 - Level 6.9 Dodging
 - Level 1.3 Stealth
 - Level 3.2 Evocations


You had 7 spell levels left.
You didn't know any spells.
Your spell library contained the following spells:

 Spells                   Type           Power        Failure   Level  Hunger
 Corona                   Hex            #......      21%         1    ##.....
 Ensorcelled Hibernation  Hex/Ice        #.....       30%         2    ###....
 Confuse                  Hex            #.......     52%         3    ####...
 Dazzling Spray           Conj/Hex       #.....       52%         3    ####...
 Tukima's Dance           Hex            #.......     52%         3    ####...


Dungeon Overview and Level Annotations

Branches:
Dungeon (6/15)
 Temple: D:4-7

Altars:
Cheibriados
Qazlal
Ru
Yredelemnul
The Shining One

Annotations:
D:4 2 transporters


Innate Abilities, Weirdness & Mutations

You cannot wear most types of armour.
You are very stealthy in the water. (Stealth+)
You are amphibious.
You can wear up to eight rings at the same time.
You can use your tentacles to constrict eight enemies at once.
Your skin changes colour to match your surroundings (Stealth+).
Your rubbery body absorbs attacks. (AC +1, EV +1)


Message History

The volley of spikes misses you. The orc hits you with a +0 whip.
The orc barely misses you.
You puncture the orc!
You kill the orc!
Cheibriados appreciates the change of pace.
The manticore flicks its tail.
The volley of spikes hits you!
The barbed spikes become lodged in your body.
The orc completely misses you.
Attack whom?
Press: ? - help, Dir - move target cursor, f - manticore
Aim: a manticore You reach to attack!
You barely miss the manticore. The orc hits you with a +0 whip.
The orc completely misses you. The manticore misses you.
The manticore claws you. The manticore closely misses you.
You slash the manticore!
The manticore is moderately wounded.
The orc closely misses you. The manticore bites you!!
You die...

################ #
...............# .#
##############.# ..#
#.....# ...# ##
#.########....# #
##...#.###.)[o......
.
.............@H......
.
......#.###..###....#
# ###.#.#.# #..# ..#
# # #.# #..# # #.#
#..# #.# #..# ..#
#..# ## #...


You could see a manticore and an orc.

Vanquished Creatures
  A troll (D:5)
  A sky beast (D:5)
  A black bear (D:6)
  An ogre (D:5)
  A centaur (D:5)
  2 bullfrogs
  2 howler monkeys (D:5)
  2 crimson imps (D:5)
  2 bullfrog skeletons (D:4)
  2 hounds
  2 orc priests
  A centaur skeleton (D:5)
  2 orc wizards (D:6)
  An iguana (D:5)
  6 worker ants
  A hound skeleton (D:5)
  A gnoll (D:5)
  3 adders
  A howler monkey skeleton (D:5)
  2 adder skeletons (D:4)
  2 worms
  3 dart slugs
  5 leopard geckos
  15 orcs
  2 ball pythons
  2 giant cockroaches
  6 goblins
  13 hobgoblins
  10 jackals
  10 kobolds
  2 quokkas (D:5)
  4 bats
  4 frilled lizards
  A jackal zombie (D:5)
  8 rats
122 creatures vanquished.

Vanquished Creatures (others)
  A plant (D:3)
1 creature vanquished.

Grand Total: 123 creatures vanquished

Notes
Turn   | Place    | Note
-------+----------+-------------------------------------------
     0 | D:1      | MisterFreud the Octopode Artificer began the quest for the
                  | Orb.
     0 | D:1      | Reached XP level 1. HP: 13/13 MP: 3/3
   355 | D:1      | Reached XP level 2. HP: 19/19 MP: 4/4
   984 | D:1      | Reached XP level 3. HP: 21/25 MP: 5/5
  2190 | D:3      | Reached XP level 4. HP: 32/33 MP: 6/6
  2198 | D:3      | Noticed a bullfrog
  2203 | D:3      | Killed a bullfrog
  2203 | D:3      | Reached XP level 5. HP: 38/38 MP: 7/7
  2397 | D:3      | Found a basalt altar of Yredelemnul.
  3053 | D:4      | Reached skill level 3 in Dodging
  3073 | D:4      | Found a transporter.
  3090 | D:4      | Found a transporter.
  3421 | D:4      | Reached skill level 4 in Dodging
  3421 | D:4      | Reached XP level 6. HP: 21/44 MP: 8/8
  3877 | D:4      | Found a glowing golden altar of the Shining One.
  3954 | D:4      | Reached skill level 5 in Dodging
  3965 | D:4      | Found a sacrificial altar of Ru.
  4170 | D:5      | Entered Level 5 of the Dungeon
  4277 | D:5      | Noticed a troll
  4287 | D:5      | Noticed a sky beast
  4290 | D:5      | Reached XP level 7. HP: 49/49 MP: 9/9
  4655 | D:5      | Killed a troll
  4655 | D:5      | Reached skill level 6 in Dodging
  4664 | D:5      | Reached skill level 1 in Maces & Flails
  4676 | D:5      | Reached XP level 8. HP: 38/54 MP: 10/10
  4907 | D:5      | Got an iridescent halberd
  4908 | D:5      | Identified the +11 halberd of Prescription {vamp, -Tele
                  | rElec rPois Stlth+} (You found it on level 5 of the
                  | Dungeon)
  4947 | D:5      | Found a stormy altar of Qazlal.
  5102 | D:5      | Found a snail-covered altar of Cheibriados.
  5112 | D:5      | Reached skill level 1 in Polearms
  5117 | D:5      | Became a worshipper of Cheibriados the Contemplative
  5413 | D:6      | Reached * piety under Cheibriados
  5505 | D:6      | Noticed a manticore
  5509 | D:6      | Reached skill level 5 in Polearms
  5512 | D:6      | Slain by a manticore

Levels and vault maps discovered:
D:1:      saegor_arrival_simple_a, layout_basic
D:2:      layout_loops_ring
D:3:      layout_loops_cross, yredelemnul_altar_generic, grunt_ministairs_9,
          lexackson_kobold_supper
D:4:      gammafunk_wand_slinger, layout_cave_pools,
          nicolae_overflow_crystal_walls, first_ration,
          nicolae_ru_the_path_less_chosen
D:5:      minmay_clustersquares, layout_basic, cheibriados_altar_1,
          nicolae_qazlal_general_emergency, minmay_diced_spiral
D:6:      layout_basic

Skill      XL: |  1  2  3  4  5  6  7  8 |
---------------+-------------------------+-----
Fighting       | 2 3 4 |  4.6
Dodging        | 4 5 6 |  6.9
Maces & Flails | 3 |  3.8
Polearms       | 5 |  5.1
Short Blades   | |  1.0
Stealth        | |  1.3
Evocations     | |  3.2

Action                   |  1- 3 |  4- 6 |  7- 9 || total
-------------------------+-------+-------+-------++-------
Melee: Whip              |    34 |    19 |    34 ||    87
       Constrict         |     7 |     7 |    11 ||    25
       Tentacles         |     5 |     4 |    12 ||    21
       Halberd           |       |       |    58 ||    58
 Fire: Hunting sling     |    43 |   139 |       ||   182
Evoke: Wand              |     2 |    19 |     5 ||    26
  Use: Scroll            |     7 |     6 |     2 ||    15
       Potion            |       |     2 |     1 ||     3
 Stab: Sleeping          |     6 |     2 |     3 ||    11
  Eat: Chunk             |     4 |     6 |     4 ||    14
Armor: Skin              |       |     1 |     1 ||     2
Dodge: Dodged            |    33 |    59 |    62 ||   154

Table legend:
 A = Non-vault XP
 B = Vault XP
 C = Vault XP percentage of total XP
 D = Non-vault monster count
 E = Vault monster count
 F = Vault count percentage of total count
                 A         B        C        D         E       F
            +---------+---------+-------+---------+---------+-------
      Total |    1485 |     604 |  28.9 |     102 |      20 |  16.4
            +---------+---------+-------+---------+---------+-------
        D:1 |      37 |       0 |   0.0 |      19 |       0 |   0.0
        D:2 |      12 |      13 |  52.0 |       7 |       1 |  12.5
        D:3 |     144 |      15 |   9.4 |      26 |       9 |  25.7
        D:4 |     300 |       0 |   0.0 |      16 |       0 |   0.0
        D:5 |     550 |     576 |  51.2 |      14 |      10 |  41.7
        D:6 |     442 |       0 |   0.0 |      20 |       0 |   0.0
            +---------+---------+-------+---------+---------+-------
